 Dungeon Crawl Stone Soup version 0.24.0 (webtiles) character file.

Game seed: 7026735597776649375, levelgen mode: deterministic

2618 Kranky the Poker (level 9, 0/74 HPs)
             Began as a Gnoll Chaos Knight on Feb 28, 2020.
             Was a Plaything of Xom.
             Slain by an unseen horror (9 damage)
             ... on level 10 of the Dungeon.
             The game lasted 00:29:11 (6363 turns).

Kranky the Poker (Gnoll Chaos Knight)               Turns: 6363, Time: 00:29:11

Health: 0/74       AC:  8    Str: 13    XL:     9   Next: 60%
Magic:  15/15      EV: 13    Int: 16    God:    Xom [....*.]
Gold:   321        SH:  0    Dex: 15    Spells: 16/16 levels left

rFire    . . .     SeeInvis .   y - +4 flail
rCold    + . .     Gourm    .   (no shield)
rNeg     + . .     Faith    .   f - +1 ring mail {rC+}
rPois    .         Spirit   .   r - +1 hat
rElec    .         Reflect  .   C - +0 cloak
rCorr    .         Harm     .   h - +0 pair of gloves
MR       .....                  (no boots)
Stlth    ++........             p - amulet of regeneration
HPRegen  0.62/turn              m - +3 ring of strength
MPRegen  0.14/turn              F - ring of positive energy

@: no status effects
A: distributed training, fangs 1, deformed body, dopey 1, weak 2, evolution 1,
subdued magic 1, strong nose
a: Renounce Religion


You were on level 10 of the Dungeon.
You worshipped Xom.
You were a beloved toy of Xom.
You were not hungry.

You visited 2 branches of the dungeon, and saw 11 of its levels.

You collected 321 gold pieces.

Inventory:

Hand Weapons
 a - a +0 spear of chaos
 b - a +3 battleaxe
 y - a +4 flail (weapon)
 N - a +2 spear of freezing
Missiles
 e - 10 boomerangs (quivered)
 H - 2 boomerangs of dispersal
 L - 4 datura-tipped darts
 M - 5 throwing nets
 O - 15 poisoned darts
Armour
 f - a +1 ring mail of cold resistance (worn)
 h - a +0 pair of gloves (worn)
 r - a +1 hat (worn)
 u - +0 acid dragon scales
 C - a +0 cloak (worn)
Jewellery
 m - a +3 ring of strength (left hand)
 p - an amulet of regeneration (around neck)
 F - a ring of positive energy (right hand)
Wands
 B - a wand of polymorph (4)
 E - a wand of flame (16)
 I - a wand of iceblast (19)
 P - a wand of digging (8)
Scrolls
 n - 3 scrolls of remove curse
 s - a scroll of enchant armour {unknown}
 t - a scroll of blinking {unknown}
 v - 4 scrolls of teleportation {unknown}
 w - a scroll of random uselessness {unknown}
 x - 2 scrolls of enchant weapon
 A - a scroll of amnesia {unknown}
 D - 2 scrolls of immolation {unknown}
 J - a scroll of summoning {unknown}
Potions
 d - 2 potions of haste
 g - a potion of ambrosia
 i - 7 potions of curing
 j - 4 potions of magic
 k - a potion of heal wounds
 l - 2 potions of flight
 o - 3 potions of lignification
 q - a potion of berserk rage {unknown}
 z - 2 potions of degeneration
 G - 3 potions of agility
Comestibles
 c - 17 rations
 Q - 11 chunks of flesh


   Skills:
 + Level 7.9 Fighting
 + Level 4.3 Short Blades
 + Level 4.3 Long Blades
 + Level 4.3 Axes
 + Level 4.3 Maces & Flails
 + Level 7.9 Polearms
 + Level 4.3 Staves
 + Level 4.3 Slings
 + Level 4.3 Bows
 + Level 4.3 Crossbows
 + Level 4.3 Throwing
 + Level 6.3 Armour
 + Level 5.1 Dodging
 + Level 4.3 Stealth
 + Level 4.3 Shields
 + Level 4.3 Unarmed Combat
 + Level 4.3 Spellcasting
 + Level 3.5 Conjurations
 + Level 3.5 Hexes
 + Level 3.5 Charms
 + Level 3.5 Summonings
 + Level 3.5 Necromancy
 + Level 3.5 Translocations
 + Level 3.5 Transmutations
 + Level 3.5 Fire Magic
 + Level 3.5 Ice Magic
 + Level 3.5 Air Magic
 + Level 3.5 Earth Magic
 + Level 3.5 Poison Magic
 + Level 4.7 Invocations
 + Level 4.3 Evocations


You had 16 spell levels left.
You didn't know any spells.
Your spell library was empty.

Dungeon Overview and Level Annotations

Branches:
Dungeon (11/15)            Temple (1/1) D:5
   Lair: D:8-11         Orc: D:9-12

Altars:
Ashenzari
Cheibriados
Dithmenos
Elyvilon
Fedhas
Gozag
Hepliaklqana
Kikubaaqudgha
Makhleb
Nemelex Xobeh
Okawaru
Qazlal
Ru
Trog
Uskayaw
Vehumet
Wu Jian
Xom
Yredelemnul
Zin
The Shining One

Shops:
D:4 }

Annotations:
D:5 Prince Ribbit
D:7 Pikel
D:8 Grum


Innate Abilities, Weirdness & Mutations

Your experience applies equally to all skills.
You have very sharp teeth.
Your uncanny sense of smell can sniff out nearby items.
Armour fits poorly on your strangely shaped body.
You are dopey. (Int -2)
You are very weak. (Str -4)
You evolve.
Your spells are a little easier to cast, but a little less powerful.


Message History

You barely miss something. Something hits you!
Something hits you but does no damage. x2
You hit something but do no damage. Something hits you but does no damage.
Something hits you.
You closely miss something. Something hits you!
Something hits you but does no damage. x2
You hit something but do no damage. You bite something. Something hits you. x2
You swing at nothing.
Something hits you.
You swing at nothing.
Something hits you. Something hits you. Something hits you!
* * * LOW HITPOINT WARNING * * *
Something hits you but does no damage. Something hits you.
* * * LOW HITPOINT WARNING * * *
Something hits you.
* * * LOW HITPOINT WARNING * * *
Something hits you!
You die... "This toy is broken."

###.# #.....# # #.# #.....# #
#.##########.....# #
#.........##.>...# ######
###########.##.....## #....# ..#
#.#.รท.....# #....# ## ..###
#.#.......# #....# ...
.....[..###.#.......###....##..O.
................@...'............
..#####...#.#.......########.....
....................# .....
..#######.#....###### ..... ###
#.##..## ..... # #.... .....
#..... <#### #.....# .#


There were no monsters in sight!

Vanquished Creatures
  A yaktaur (D:7)
  A hippogriff (D:10)
  A hungry ghost (D:8)
  A water moccasin (D:5)
  2 slaves (D:7)
  A phantom (D:6)
  2 wolves
  An ogre (D:8)
  A centaur (D:8)
  3 bullfrogs
  2 scorpions
  9 wights
  3 crimson imps
  2 jellies
  Crazy Yiuf (D:3)
  3 orc priests
  A centaur skeleton (D:5)
  5 hounds
  4 orc wizards
  An iguana (D:4)
  A worker ant (D:4)
  7 gnolls
  6 adders
  2 oozes
  An adder zombie (D:7)
  4 worms
  2 dart slugs (D:3)
  3 leopard geckos
  13 orcs
  3 ball pythons
  3 giant cockroaches
  7 goblins
  6 hobgoblins
  7 jackals
  8 kobolds
  5 quokkas
  9 bats
  4 frilled lizards
  A jackal zombie (D:3)
  A leopard gecko zombie (D:5)
  7 rats
  A fungus (D:3)
146 creatures vanquished.

Vanquished Creatures (collateral kills)
  A howler monkey (D:4)
  A gnoll (D:4)
  A leopard gecko (D:1)
  A jackal (D:2)
  A frilled lizard (D:1)
5 creatures vanquished.

Vanquished Creatures (others)
  An adder (D:3)
1 creature vanquished.

Grand Total: 152 creatures vanquished

Notes
Turn   | Place    | Note
-------+----------+-------------------------------------------
     0 | D:1      | Kranky the Gnoll Chaos Knight began the quest for the Orb.
     0 | D:1      | Reached XP level 1. HP: 23/23 MP: 1/1
    78 | D:1      | XOM: potion effect (haste)
   110 | D:1      | Reached XP level 2. HP: 29/29 MP: 2/2
   154 | D:1      | XOM: cast spell 'Summon Hydra'
   341 | D:1      | Reached XP level 3. HP: 20/35 MP: 2/4
   715 | D:1      | Found a radiant altar of Vehumet.
   721 | D:1      | Found a shimmering altar of Xom.
   721 | D:1      | Found a snail-covered altar of Cheibriados.
   734 | D:1      | Reached skill level 1 in Invocations
   739 | D:1      | Found a sacrificial altar of Ru.
   739 | D:1      | Found a radiant altar of Vehumet.
   739 | D:1      | Found a shimmering blue altar of Sif Muna.
   817 | D:2      | Reached skill level 1 in Short Blades
   817 | D:2      | Reached skill level 1 in Long Blades
   817 | D:2      | Reached skill level 1 in Axes
   817 | D:2      | Reached skill level 1 in Maces & Flails
   817 | D:2      | Reached skill level 1 in Staves
   817 | D:2      | Reached skill level 1 in Slings
   817 | D:2      | Reached skill level 1 in Bows
   817 | D:2      | Reached skill level 1 in Crossbows
   817 | D:2      | Reached skill level 1 in Throwing
   817 | D:2      | Reached skill level 1 in Stealth
   817 | D:2      | Reached skill level 1 in Shields
   817 | D:2      | Reached skill level 1 in Unarmed Combat
   817 | D:2      | Reached skill level 1 in Spellcasting
   817 | D:2      | Reached skill level 1 in Evocations
   822 | D:2      | You fall into a shaft and drop 2 floors!
   822 | D:4      | Found a shattered altar of Ashenzari.
   836 | D:4      | XOM: summons friendly ufetubus
   844 | D:4      | Reached XP level 4. HP: 33/41 MP: 5/5
   852 | D:4      | XOM: mild Conj miscast
   882 | D:3      | Reached skill level 1 in Conjurations
   882 | D:3      | Reached skill level 1 in Hexes
   882 | D:3      | Reached skill level 1 in Charms
   882 | D:3      | Reached skill level 1 in Summonings
   882 | D:3      | Reached skill level 1 in Necromancy
   882 | D:3      | Reached skill level 1 in Translocations
   882 | D:3      | Reached skill level 1 in Transmutations
   882 | D:3      | Reached skill level 1 in Fire Magic
   882 | D:3      | Reached skill level 1 in Ice Magic
   882 | D:3      | Reached skill level 1 in Air Magic
   882 | D:3      | Reached skill level 1 in Earth Magic
   882 | D:3      | Reached skill level 1 in Poison Magic
  1074 | D:3      | Reached XP level 5. HP: 38/47 MP: 5/7
  1115 | D:3      | Found a hazy altar of Hepliaklqana.
  1146 | D:3      | XOM: harmless Tloc miscast
  1155 | D:2      | XOM: 7-stop teleportation journey
  1164 | D:2      | XOM: summons 5 friendly demons
  1264 | D:2      | XOM: noise
  1266 | D:2      | XOM: divination: magic mapping
  1522 | D:3      | Reached XP level 6. HP: 52/53 MP: 8/8
  1740 | D:3      | XOM: enchant monster (bad)
  1765 | D:3      | Reached skill level 5 in Armour
  1859 | D:3      | XOM: stat loss: -1 Int (16/17)
  1907 | D:3      | Reached XP level 7. HP: 31/59 MP: 10/10
  2100 | D:3      | XOM: mild Tloc miscast
  2158 | D:3      | Found a runed translucent door.
  2159 | D:3      | Noticed Crazy Yiuf
  2169 | D:3      | Killed Crazy Yiuf
  2264 | D:4      | XOM: swap monsters
  2524 | D:4      | Found Egajos's Gadget Boutique.
  2881 | D:4      | Found a burning altar of Makhleb.
  2882 | D:4      | Noticed a cacodemon
  2883 | D:4      | Found a glowing silver altar of Zin.
  2883 | D:4      | Noticed an angel
  2991 | D:5      | Entered Level 5 of the Dungeon
  3129 | D:5      | Found a staircase to the Ecumenical Temple.
  3145 | D:5      | XOM: noise
  3148 | D:5      | Noticed Prince Ribbit
  3153 | D:5      | XOM: harmless Necr miscast
  3160 | D:5      | XOM: mild Tloc miscast
  3161 | D:5      | Noticed a spatial vortex
  3163 | D:5      | HP: 2/60 [Prince Ribbit (8)]
  3167 | Temple   | Entered the Ecumenical Temple
  3361 | D:5      | XOM: enchant monster (bad)
  3443 | D:5      | Reached XP level 8. HP: 57/67 MP: 12/12
  3597 | D:5      | Found an ancient bone altar of Kikubaaqudgha.
  3944 | D:6      | Found a hide-covered altar of Uskayaw.
  4018 | D:6      | XOM: 2-stop teleportation journey
  4099 | D:6      | XOM: silly message
  4194 | D:7      | XOM: mild Conj miscast
  4253 | D:7      | Found a sacrificial altar of Ru.
  4348 | D:7      | XOM: repel stairs
  4374 | D:7      | XOM: blink monster(s)
  4619 | D:6      | XOM: give mutation
  4619 | D:6      | Gained mutation: Armour fits poorly on your strangely
                  | shaped body. [Xom's mischief]
  4715 | D:7      | XOM: 1-stop teleportation journey
  4828 | D:7      | Noticed Harold
  4971 | D:7      | Found a radiant altar of Vehumet.
  4988 | D:7      | XOM: give mutations
  4988 | D:7      | Gained mutation: You are weak. (Str -2) [Xom's mischief]
  4988 | D:7      | Gained mutation: You evolve. [Xom's mischief]
  4988 | D:7      | Gained mutation: You are very weak. (Str -4) [Xom's
                  | mischief]
  5021 | D:7      | Found a sparkling altar of Nemelex Xobeh.
  5126 | D:8      | XOM: stealth player
  5155 | D:8      | XOM: enchant monster (good)
  5164 | D:8      | XOM: give mutation
  5164 | D:8      | Gained mutation: You are dopey. (Int -2) [Xom's mischief]
  5182 | D:8      | Noticed Grum
  5192 | D:8      | XOM: summons friendly shadow imp
  5198 | D:8      | XOM: divination: detect creatures
  5200 | D:8      | XOM: fog
  5219 | D:7      | Reached XP level 9. HP: 42/72 MP: 14/14
  5241 | D:7      | Gained mutation: Your spells are a little easier to cast,
                  | but a little less powerful. [evolution]
  5280 | D:7      | Noticed Pikel
  5340 | D:8      | XOM: smoke on damage
  5635 | D:8      | Found a faded altar of an unknown god.
  5635 | D:8      | Found an iron altar of Okawaru.
  5640 | D:8      | Found a faded altar of an unknown god.
  5642 | D:8      | Found a bloodstained altar of Trog.
  5643 | D:8      | Found a white marble altar of Elyvilon.
  5851 | D:7      | XOM: cleaving
  5853 | D:7      | Noticed Harold
  5853 | D:7      | Harold changed into Harold the yaktaur
  5860 | D:7      | Killed Harold the yaktaur
  5959 | D:8      | Reached skill level 5 in Dodging
  6241 | D:8      | You fall into a shaft and drop 3 floors!
  6272 | D:10     | Entered Level 10 of the Dungeon
  6343 | D:10     | Noticed a two-headed ogre
  6363 | D:10     | Slain by an unseen horror

Levels and vault maps discovered:
D:1:      dpeg_arrival_yet_another_circle, layout_rooms,
          minmay_misc_feat_ornament, doesnt_xom_only_xom
D:2:      layout_rooms, first_ration
D:3:      layout_loops_ring, overflow_temple_1_default, hex_medium,
          uniq_sigmund, uniq_crazy_yiuf_cottage
D:4:      layout_basic, grunt_temple_overflow_order_and_chaos_2,
          cheibrodos_ashenzari_chains, serial_shops, kennysheep_mini,
          chequers_serial_rivers_small_b
D:5:      layout_basic, old_standard_altar, minmay_temple_entry_arrows,
          hex_intersection, corexii_shack, saegor_snake_ambush,
          uniq_prince_ribbit1
D:6:      layout_rooms, overflow_temple_1_default
D:7:      layout_cave_pools, marbit_many_paths, nicolae_overflow_hidden_temple,
          chequers_serial_rivers_room_a, uniq_harold, uniq_pikel
D:8:      layout_layer_cave, chequers_temple_overflow_minitemple,
          lemuel_blue_sif_altar, grunt_ogre_cave,
          hangedman_abyss_or_decor_stabs, uniq_grum
D:10:     minmay_distorted_concentric_squares, layout_basic,
          chequers_serial_rivers_micro_c
D:11:     layout_gridville, due_lair_maze_entry_diamond
Temple:   nicolae_temple_figure_zero
